 Dungeon Crawl Stone Soup version 0.23.0 (webtiles) character file.

Game seed: 13758016302873855176

25000 Morbidden the Martial Artist (level 13, -5/89 HPs)
             Began as an Octopode Berserker on Feb 11, 2019.
             Was a High Priest of Trog.
             Slain by an unseen horror (7 damage)
             ... on level 13 of the Dungeon.
             The game lasted 00:37:28 (16480 turns).

Morbidden the Martial Artist (Octopode Berserker)  Turns: 16480, Time: 00:37:29

Health: -5/89      AC:  1    Str: 22    XL:     13   Next: 16%
Magic:  13/13      EV: 15    Int: 10    God:    Trog [*****.]
Gold:   1019       SH:  0    Dex: 16    Spells: 12/12 levels left

rFire    . . .     SeeInvis .     - Unarmed
rCold    . . .     Gourm    .   a - +4 large shield
rNeg     . . .     Faith    .   (helmet restricted)
rPois    .         Spirit   .   (no amulet)
rElec    .         Reflect  .   v - +6 ring of strength
rCorr    .         Harm     .   A - ring of stealth
MR       .....                  (no ring)
Stlth    ++++......             (no ring)
HPRegen  0.24/turn              (no ring)
MPRegen  0.13/turn              (no ring)
                                (no ring)
                                (no ring)

@: confused
A: almost no armour, stealthy swim, amphibious, 8 rings, constrict 8, camouflage
1, gelatinous body 1
a: Berserk, Trog's Hand, Brothers in Arms, Renounce Religion


You were on level 13 of the Dungeon.
You worshipped Trog.
Trog was extremely pleased with you.
You were very hungry.

You visited 2 branches of the dungeon, and saw 15 of its levels.
You also visited: Sewer and Bailey.

You collected 1019 gold pieces.

Inventory:

Missiles
 u - 6 javelins of returning
 C - 66 tomahawks of returning
 I - 3 tomahawks
 J - a throwing net
 M - 3 javelins of penetration
 N - 7 exploding tomahawks
 O - 7 steel tomahawks (quivered)
Armour
 a - a +4 large shield (worn)
Jewellery
 v - a +6 ring of strength (left tentacle)
 A - a ring of stealth (right tentacle)
 L - an uncursed ring of stealth
 P - an uncursed amulet of harm {unknown}
Wands
 e - a wand of paralysis (8)
 f - a wand of iceblast (8)
 t - a wand of random effects (18)
 x - a wand of disintegration (8)
 D - a wand of flame (29)
 F - a wand of digging (2)
Scrolls
 h - 5 scrolls of enchant weapon
 k - 8 scrolls of teleportation
 n - a scroll of immolation
 r - a scroll of magic mapping
 s - a scroll of fog
 y - 3 scrolls of amnesia
 B - 12 scrolls of remove curse
 H - 8 scrolls of identify
 K - a scroll of fear
 Q - a scroll of holy word {unknown}
Potions
 c - a potion of experience {unknown}
 g - 9 potions of haste
 i - 3 potions of brilliance {unknown}
 j - 4 potions of curing
 l - 2 potions of heal wounds
 m - 4 potions of resistance {unknown}
 o - 2 potions of agility
 p - 2 potions of berserk rage
 q - 5 potions of might
 w - 6 potions of magic
 z - 3 potions of flight
 E - 3 potions of invisibility
 G - 3 potions of mutation
Comestibles
 b - 16 rations


   Skills:
 * Level 8.7 Fighting
   Level 3.0 Short Blades
 * Level 5.5 Throwing
 + Level 6.7 Dodging
 + Level 8.4 Stealth
 * Level 11.0 Shields
 * Level 13.4 Unarmed Combat


You had 12 spell levels left.
You didn't know any spells.
Your spell library was empty.

Dungeon Overview and Level Annotations

Branches:
Dungeon (13/15)            Temple (0/1) D:7            Lair (2/6) D:9
    Orc (0/2) D:9
  Swamp: Lair:2-4    Shoals: Lair:2-4     Snake: Lair:2-4    Spider: Lair:2-4
 Vaults: D:13-14

Altars:
Dithmenos
Fedhas
Makhleb
Qazlal
Ru
The Shining One

Shops:
D:4 (   D:12 (

Annotations:
D:5 3 runed translucent doors, H0rd4k's ghost, novice HuAr; Laan's ghost, novice GrFi; LostNumber's ghost, novice TrAK; P0WERM0DE's ghost, amateur DDFi; Tovarisch's ghost, amateur OgTm


Innate Abilities, Weirdness & Mutations

You cannot wear most types of armour.
You are very stealthy in the water. (Stealth+)
You are amphibious.
You can wear up to eight rings at the same time.
You can use your tentacles to constrict eight enemies at once.
Your skin changes colour to match your surroundings (Stealth+).
Your rubbery body absorbs attacks. (AC +1, EV +1)


Message History

Unknown command.
You are confused.
You feel invigorated.
You are feeling very hungry.
Something hits you!
* * * LOW HITPOINT WARNING * * *
Something hits you!
* * * LOW HITPOINT WARNING * * *
Something hits you.
* * * LOW HITPOINT WARNING * * *
Unknown command.
You bump into the rock wall.
Something hits you!
* * * LOW HITPOINT WARNING * * *
Unknown command.
Your skin stops crawling.
You feel less resistant to hostile enchantments.
Something hits you!
* * * LOW HITPOINT WARNING * * *
Something hits you!
You die...

##########
#........########################
.................................
.....[####.......................
...... #..(.###.###############
...... #....# #.# .#.###
####.###.############### ...
#...@.....†.......... ..
#........†........... .
#....................
....################### #....#
#....# ......# ...... ### ...


There were no monsters in sight!

Vanquished Creatures
  Kirke (D:12)
  Erica (D:9)
  Nergalle (Lair:1)
  An unseen horror (D:12)
  A necromancer (D:11)
  2 ugly things
  A manticore (D:9)
  Joseph (Lair:1)
  2 black mambas (Lair:1)
  A gargoyle (D:10)
  3 komodo dragons
  3 spiny frogs
  3 trolls
  A meliai (D:10)
  A polar bear (Lair:2)
  A meliai zombie (D:12)
  5 hippogriffs
  5 wyverns
  A wraith (D:12)
  2 basilisks
  5 hogs
  14 yaks
  Grum (D:8)
  A human (D:7)
  A hungry ghost (D:11)
  A soldier ant (D:11)
  6 water moccasins
  8 porcupines
  5 orc warriors
  2 sky beasts
  2 ice beasts
  An eye of draining (D:10)
  2 black bears
  10 wolves
  5 ogres
  A necrophage (D:8)
  2 centaurs
  5 crocodiles
  6 big kobolds
  13 bullfrogs
  A water moccasin zombie (D:9)
  A wyvern skeleton (D:10)
  5 scorpions
  10 killer bees
  16 wights
  A howler monkey (D:10)
  8 crimson imps
  A bullfrog zombie (D:5)
  A quasit (D:7)
  2 jellies
  4 orc priests
  4 hounds
  2 orc wizards
  4 bullfrog skeletons
  3 centaur skeletons
  An iguana (D:8)
  5 worker ants
  4 polar bear simulacra (D:11)
  2 yak simulacra (D:11)
  2 wolf simulacra (D:11)
  3 hound skeletons
  16 gnolls
  A worker ant zombie (D:7)
  A howler monkey skeleton (D:7)
  11 adders
  5 river rats (Sewer)
  4 shadow imps
  An adder skeleton (D:9)
  2 adder zombies
  2 worms
  4 leopard geckos
  20 orcs
  3 ball pythons
  2 giant cockroaches
  7 goblins
  14 hobgoblins
  2 jackals (D:2)
  2 quokkas
  11 bats
  10 frilled lizards
  40 kobolds
  A quokka skeleton (D:4)
  9 rats
  3 river rat simulacra (D:11)
379 creatures vanquished.

Vanquished Creatures (collateral kills)
  A hydra (Lair:1)
  A cyclops (D:10)
  Psyche (D:10)
  A gargoyle (D:10)
  A kobold demonologist (D:13)
  2 slime creatures (D:13)
  2 yaks (Lair:1)
  A bullfrog (Lair:1)
  5 wights (D:9)
  4 gnolls (Bailey)
  A hobgoblin (Bailey)
  A kobold (D:13)
21 creatures vanquished.

Vanquished Creatures (others)
  A human (D:12)
  A centaur skeleton (D:12)
  An adder (D:12)
  A fungus (Lair:1)
  A plant (Lair:1)
5 creatures vanquished.

Grand Total: 405 creatures vanquished

Notes
Turn   | Place    | Note
-------+----------+-------------------------------------------
     0 | D:1      | Morbidden the Octopode Berserker began the quest for the
                  | Orb.
     0 | D:1      | Reached XP level 1. HP: 16/16 MP: 1/1
   290 | D:1      | Reached XP level 2. HP: 15/21 MP: 2/2
  1044 | D:2      | Reached skill level 1 in Unarmed Combat
  1155 | D:2      | Reached XP level 3. HP: 23/26 MP: 3/3
  1231 | D:2      | Found a faded altar of an unknown god.
  1660 | D:2      | Reached skill level 1 in Stealth
  1841 | D:2      | Reached XP level 4. HP: 31/31 MP: 4/4
  1938 | D:2      | Reached ** piety under Trog
  2310 | D:3      | Reached skill level 2 in Unarmed Combat
  3073 | D:4      | Reached XP level 5. HP: 24/36 MP: 5/5
  3077 | D:4      | Reached skill level 3 in Unarmed Combat
  3455 | D:4      | Found Yfrecewy's Antique Weapon Shoppe.
  3795 | D:5      | Entered Level 5 of the Dungeon
  3795 | D:5      | Found a glowing drain.
  3900 | Sewer    | Entered a sewer
  4357 | D:5      | Reached skill level 1 in Shields
  4357 | D:5      | Reached XP level 6. HP: 37/43 MP: 6/6
  4516 | D:5      | Found a stormy altar of Qazlal.
  4518 | D:5      | Reached skill level 4 in Unarmed Combat
  4521 | D:5      | Reached *** piety under Trog
  4558 | D:5      | Noticed a sky beast
  4566 | D:5      | Killed a sky beast
  4814 | D:5      | Reached XP level 7. HP: 48/48 MP: 7/7
  4874 | D:5      | Found a runed translucent gate.
  4874 | D:5      | Found a runed translucent gate.
  4874 | D:5      | Found a runed translucent gate.
  4874 | D:5      | Noticed H0rd4k's ghost (novice HuAr)
  4874 | D:5      | Noticed P0WERM0DE's ghost (amateur DDFi)
  4874 | D:5      | Noticed LostNumber's ghost (novice TrAK)
  4874 | D:5      | Noticed Tovarisch's ghost (amateur OgTm)
  4874 | D:5      | Noticed Laan's ghost (novice GrFi)
  5356 | D:6      | Reached skill level 5 in Unarmed Combat
  5545 | D:6      | Found a sacrificial altar of Ru.
  5655 | D:6      | Found a shadowy altar of Dithmenos.
  5704 | D:7      | Found a staircase to the Ecumenical Temple.
  5721 | D:7      | Reached XP level 8. HP: 47/54 MP: 8/8
  5729 | D:7      | Reached skill level 6 in Unarmed Combat
  5792 | D:7      | Reached skill level 5 in Stealth
  6099 | D:7      | Reached skill level 5 in Fighting
  6203 | D:7      | Reached skill level 7 in Unarmed Combat
  6402 | D:7      | Noticed a hippogriff
  6408 | D:7      | Killed a hippogriff
  6687 | D:7      | Reached XP level 9. HP: 50/61 MP: 9/9
  6843 | D:7      | Reached **** piety under Trog
  6876 | D:7      | Reached skill level 5 in Shields
  6876 | D:7      | Reached skill level 8 in Unarmed Combat
  7159 | D:7      | Reached skill level 5 in Dodging
  7423 | D:8      | Noticed Grum
  7437 | D:8      | Reached skill level 9 in Unarmed Combat
  7440 | D:8      | Killed Grum
  7537 | D:8      | Reached XP level 10. HP: 42/68 MP: 10/10
  8186 | D:8      | Reached skill level 10 in Unarmed Combat
  8322 | D:8      | Found a burning altar of Makhleb.
  8746 | D:9      | Noticed a manticore
  8750 | D:9      | Killed a manticore
  8808 | D:9      | Found a staircase to the Orcish Mines.
  8826 | D:9      | Received a gift from Trog
  9026 | D:9      | Found a staircase to the Lair.
  9104 | D:10     | Entered Level 10 of the Dungeon
  9109 | D:10     | Noticed Psyche
  9225 | D:10     | Found a flagged portal.
  9259 | Bailey   | Entered a bailey
  9381 | Bailey   | Reached ***** piety under Trog
  9909 | D:10     | Reached skill level 1 in Throwing
 10136 | D:10     | Reached XP level 11. HP: 74/74 MP: 11/11
 10255 | D:10     | Killed Psyche
 10265 | D:10     | Noticed a cyclops
 10270 | D:10     | Killed a cyclops
 10270 | D:10     | Reached skill level 11 in Unarmed Combat
 10416 | D:10     | Found a glowing golden altar of the Shining One.
 10797 | Lair:1   | Entered Level 1 of the Lair of Beasts
 10797 | Lair:1   | Noticed a four-headed hydra
 10807 | Lair:1   | Killed a four-headed hydra
 10945 | Lair:1   | Noticed Erica
 11077 | D:9      | Killed Erica
 11269 | Lair:1   | Noticed Nergalle
 11284 | Lair:1   | Killed Nergalle
 11726 | Lair:1   | Reached skill level 12 in Unarmed Combat
 11731 | Lair:1   | Reached XP level 12. HP: 72/82 MP: 12/12
 11917 | Lair:1   | Noticed Joseph
 11928 | Lair:1   | Killed Joseph
 12476 | Lair:2   | HP: 3/123 [crocodile (11)]
 12834 | Lair:2   | Reached skill level 10 in Shields
 14307 | D:11     | Received a gift from Trog
 14307 | D:11     | Reached skill level 5 in Throwing
 14594 | D:12     | Noticed Kirke
 14598 | D:12     | Received a gift from Trog
 14607 | D:12     | Killed Kirke
 14607 | D:12     | Reached skill level 13 in Unarmed Combat
 14798 | D:12     | Found a blossoming altar of Fedhas.
 14828 | D:12     | Found Exygo's Weapon Emporium.
 14850 | D:12     | Reached XP level 13. HP: 35/89 MP: 13/13
 15893 | D:13     | Received a gift from Trog
 15919 | D:13     | HP: 4/89 [large slime creature (9)]
 16456 | D:13     | HP: 3/89 [something (7)]
 16480 | D:13     | HP: 2/89 [something (12)]
 16480 | D:13     | Slain by an unseen horror

Skill      XL: |  1  2  3  4  5  6  7  8  9 10 11 12 13 |
---------------+----------------------------------------+-----
Unarmed Combat | 1 2 3 4 5 7 9 10 12 13 | 13.4
Stealth        | 1 2 3 4 5 6 7 8 |  8.4
Shields        | 1 2 4 6 7 9 10 11 | 11.0
Fighting       | 4 5 6 7 8 |  8.7
Dodging        | 4 5 6 |  6.7
Throwing       | 1 4 5 |  5.5
Short Blades   | |  3.0

Action                   |  1- 3 |  4- 6 |  7- 9 | 10-12 | 13-15 || total
-------------------------+-------+-------+-------+-------+-------++-------
Melee: Unarmed           |    73 |   102 |   194 |   519 |    86 ||   974
       Constrict         |    27 |    32 |    46 |    81 |    19 ||   205
       Tentacles         |    14 |    26 |    54 |   143 |    26 ||   263
       Punch             |       |       |     9 |    51 |    10 ||    70
Throw: Tomahawk          |       |       |       |    82 |     3 ||    85
       Throwing net      |       |       |       |     1 |       ||     1
Invok: Berserk           |       |     2 |     4 |     4 |       ||    10
       Trog's Hand       |       |     1 |     1 |     1 |     2 ||     5
       Brothers in Arms  |       |       |       |     6 |     1 ||     7
Evoke: Wand              |       |       |       |     3 |       ||     3
  Use: Scroll            |       |    12 |     4 |    14 |       ||    30
       Potion            |       |       |     3 |     5 |     6 ||    14
 Stab: Sleeping          |     3 |    14 |    11 |    35 |     1 ||    64
       Distracted        |       |       |       |     5 |       ||     5
       Paralysed         |       |       |       |     2 |       ||     2
  Eat: Chunk             |     2 |     7 |     8 |    26 |     2 ||    45
       Ration            |       |     2 |     1 |     1 |     1 ||     5
Armor: Skin              |     7 |     6 |     4 |     7 |       ||    24
Dodge: Dodged            |    56 |    31 |    49 |   150 |    23 ||   309
Block: Shield            |       |    11 |       |       |       ||    11
       Large shield      |       |    30 |   135 |   499 |   113 ||   777
